UNITED STATES SILVER LEAGUE
NORFOLK CRUISERS VS SAN FRANCISCO FOG
08/17/2014
 
TOP OF THE 1ST
San Francisco Fog batting - Pitching for Norfolk Cruisers : RHP Markus Morgan
Pitching: RHP Markus Morgan
Batting: LHB Manuel Núñez 0-0: Ball
1-0: Foul Ball, location: 2F
1-1: SINGLE (Groundball, 34D)
Batting: RHB David Gil 0-0: Ball
1-0: Ball
2-0: Called Strike
2-1: SINGLE (Line Drive, 7LS)
Manuel Núñez to second
Batting: RHB Fernando López 0-0: Called Strike
0-1: Ball
1-1: SINGLE (Groundball, 6MD)
Manuel Núñez to third
David Gil to second
Batting: LHB Cristo Nieto 0-0: Fly out, F8 (Flyball, 8LS)
Batting: RHB Pablo León 0-0: Ball
1-0: Ball
2-0: Ball
3-0: Called Strike
3-1: Base on Balls
Manuel Núñez scores
David Gil to third
Fernando López to second
Batting: RHB Mark Ross 0-0: Ball
1-0: Ball
2-0: Ball
3-0: Called Strike
3-1: Base on Balls
David Gil scores
Fernando López to third
Pablo León to second
Batting: RHB Matt Mooney 0-0: Ball
1-0: Foul Ball, location: 2F
1-1: Foul Ball, location: 2F
1-2: SINGLE (Groundball, 56D)
Fernando López scores
Pablo León to third
Mark Ross to second
Batting: LHB Armando Esparza 0-0: Called Strike
0-1: Ball
1-1: Ball
2-1: Swinging Strike
2-2: Ball
3-2: Strikes out swinging
Batting: RHB Masaharu Suto 0-0: Ball
1-0: Called Strike
1-1: SINGLE (Groundball, 56)
Pablo León scores
Mark Ross to third
Matt Mooney to second
Runner from 3rd tries for Home, SAFE, no throw or cutoff
Pitching: RHP Cam Davidson
Batting: LHB Manuel Núñez 0-0: DOUBLE (Flyball, 7LS)
Matt Mooney scores
Masaharu Suto to third
Runner from 3rd tries for Home, SAFE, throw made home
Batting: RHB David Gil 0-0: SINGLE (Groundball, 56D)
Manuel Núñez to third
Runner from 3rd tries for Home, SAFE, no throw or cutoff
Batting: RHB Fernando López 0-0: Ball
1-0: Ball
2-0: Foul Ball, location: 2F
2-1: Swinging Strike
2-2: Ball
3-2: Fly out, F6 (Popup, 56D)
Top of the 1st over - 8 run(s), 7 hit(s), 0 error(s), 1 left on base; San Francisco 8 - Norfolk 0
BOTTOM OF THE 1ST
Norfolk Cruisers batting - Pitching for San Francisco Fog : RHP Masaharu Suto
Pitching: RHP Masaharu Suto
Batting: RHB Richard Weaver 0-0: Ball
1-0: Foul Ball, location: 2F
1-1: Fly out, F8 (Flyball, 8LS)
Batting: SHB Scott Duncan 0-0: Called Strike
0-1: Ball
1-1: Ground out 6-3 (Groundball, 6)
Batting: SHB Omar Gutiérrez 0-0: Ball
1-0: Foul Ball, location: 2F
1-1: Called Strike
1-2: Ground out 5-3 (Groundball, 15S)
Bottom of the 1st over - 0 run(s), 0 hit(s), 0 error(s), 0 left on base; San Francisco 8 - Norfolk 0
TOP OF THE 2ND
San Francisco Fog batting - Pitching for Norfolk Cruisers : RHP Cam Davidson
Batting: LHB Cristo Nieto 0-0: Ball
1-0: Ball
2-0: Ball
3-0: Called Strike
3-1: Base on Balls
Batting: RHB Pablo León 0-0: Foul Ball, location: 2F
0-1: Swinging Strike
0-2: Strikes out swinging
Batting: RHB Mark Ross 0-0: Foul Ball, location: 2F
0-1: Ball
1-1: Fly out, F9 (Flyball, 9M)
Batting: RHB Matt Mooney 0-0: Ball
1-0: Ball
2-0: SINGLE (Groundball, 5L)
Cristo Nieto to second
Batting: LHB Armando Esparza 0-0: Swinging Strike
0-1: Ball
1-1: TRIPLE (Line Drive, 89M)
Cristo Nieto scores
Matt Mooney scores
Pitching: RHP Dave Conley
Batting: RHB Masaharu Suto 0-0: Called Strike
0-1: Ball
1-1: SINGLE (Line Drive, 4M)
Armando Esparza scores
Batting: LHB Manuel Núñez 0-0: DOUBLE (Line Drive, 7LS)
Masaharu Suto to third
Runner from 3rd tries for Home, SAFE, throw made at trailing runner, SAFE at third!
Batting: RHB David Gil 0-0: Ball
1-0: Ball
2-0: Called Strike
2-1: Ball
3-1: Ground out 5-3 (Groundball, 5)
Top of the 2nd over - 4 run(s), 4 hit(s), 0 error(s), 1 left on base; San Francisco 12 - Norfolk 0
BOTTOM OF THE 2ND
Norfolk Cruisers batting - Pitching for San Francisco Fog : RHP Masaharu Suto
Batting: RHB Ben Ramey 0-0: Swinging Strike
0-1: Ball
1-1: Ground out 1-3 (Groundball, 15S)
Batting: RHB Pedro Peña 0-0: Ball
1-0: Ground out 4-3 (Groundball, 4)
Batting: SHB Pancho Ríos 0-0: Called Strike
0-1: Ball
1-1: Ball
2-1: Swinging Strike
2-2: Ball
3-2: Ground out 6-3 (Groundball, 6M)
Bottom of the 2nd over - 0 run(s), 0 hit(s), 0 error(s), 0 left on base; San Francisco 12 - Norfolk 0
TOP OF THE 3RD
San Francisco Fog batting - Pitching for Norfolk Cruisers : RHP Dave Conley
Batting: RHB Fernando López 0-0: Foul Ball, location: 2F
0-1: Ball
1-1: Ball
2-1: Ball
3-1: SINGLE (Line Drive, 78M)
Batting: LHB Cristo Nieto 0-0: Ball
1-0: Ball
2-0: SINGLE (Line Drive, 8RS)
Fernando López to second
Batting: RHB Pablo León 0-0: Foul Ball, location: 2F
0-1: Foul Ball, location: 2F
0-2: Ball
1-2: SINGLE (Line Drive, 56)
Fernando López to third
Cristo Nieto to second
Runner from 3rd tries for Home, SAFE, no throw or cutoff
Pitching: RHP John Green
Batting: RHB Mark Ross 0-0: Called Strike
0-1: Foul Ball, location: 2F
0-2: Ball
1-2: Ball
2-2: Strikes out swinging
Batting: RHB Matt Mooney 0-0: Called Strike
0-1: Swinging Strike
0-2: Ball
1-2: Strikes out looking
Batting: LHB Armando Esparza 0-0: Ball
1-0: Called Strike
1-1: Ball
2-1: Ball
3-1: Base on Balls
Cristo Nieto to third
Pablo León to second
Batting: RHB Masaharu Suto 0-0: Swinging Strike
0-1: Ball
1-1: Foul Ball, location: 2F
1-2: Ground out 1-3 (Groundball, 13)
Top of the 3rd over - 1 run(s), 3 hit(s), 0 error(s), 3 left on base; San Francisco 13 - Norfolk 0
BOTTOM OF THE 3RD
Norfolk Cruisers batting - Pitching for San Francisco Fog : RHP Masaharu Suto
Batting: RHB Carlos Rodríguez 0-0: SINGLE (Groundball, 6D)
Batting: RHB Carlos Montoya 0-0: Ball
1-0: Called Strike
1-1: Called Strike
1-2: Grounds into double play, 1-6-3 (Groundball, 23)
Batting: RHB John Green 0-0: Ball
1-0: Called Strike
1-1: Foul Ball, location: 2F
1-2: Ball
2-2: Fly out, F8 (Flyball, 8RS)
Bottom of the 3rd over - 0 run(s), 1 hit(s), 0 error(s), 0 left on base; San Francisco 13 - Norfolk 0
TOP OF THE 4TH
San Francisco Fog batting - Pitching for Norfolk Cruisers : RHP John Green
Batting: LHB Manuel Núñez 0-0: Called Strike
0-1: Called Strike
0-2: Strikes out swinging
Batting: RHB David Gil 0-0: Foul Ball, location: 2F
0-1: Ball
1-1: Foul Ball, location: 2F
1-2: Ground out 4-3 (Groundball, 4)
Batting: RHB Fernando López 0-0: Ball
1-0: Called Strike
1-1: Ball
2-1: Swinging Strike
2-2: Ball
3-2: Foul Ball, location: 2F
3-2: DOUBLE (Line Drive, 5L)
Batting: LHB Cristo Nieto 0-0: Swinging Strike
0-1: Swinging Strike
0-2: Ball
1-2: Strikes out swinging
Top of the 4th over - 0 run(s), 1 hit(s), 0 error(s), 1 left on base; San Francisco 13 - Norfolk 0
BOTTOM OF THE 4TH
Norfolk Cruisers batting - Pitching for San Francisco Fog : RHP Masaharu Suto
Batting: RHB Richard Weaver 0-0: Foul Ball, location: 2F
0-1: Swinging Strike
0-2: Ball
1-2: Ground out 5-3 (Groundball, 56)
Batting: SHB Scott Duncan 0-0: Ball
1-0: Called Strike
1-1: Swinging Strike
1-2: Ball
2-2: Strikes out looking
Batting: SHB Omar Gutiérrez 0-0: Ball
1-0: SINGLE (Flyball, 89S)
Batting: RHB Ben Ramey 0-0: Called Strike
0-1: Fly out, F7 (Popup, 7LS)
Bottom of the 4th over - 0 run(s), 1 hit(s), 0 error(s), 1 left on base; San Francisco 13 - Norfolk 0
TOP OF THE 5TH
San Francisco Fog batting - Pitching for Norfolk Cruisers : RHP John Green
Batting: RHB Pablo León 0-0: Ball
1-0: Called Strike
1-1: Foul Ball, location: 2F
1-2: Foul Ball, location: 2F
1-2: Ball
2-2: Ball
3-2: Fly out, F1 (Line Drive, 15)
Pitching: LHP Monte Conner
Batting: RHB Mark Ross 0-0: Ball
1-0: Called Strike
1-1: Ball
2-1: Foul Ball, location: 2F
2-2: Ball
3-2: Foul Ball, location: 2F
3-2: Foul Ball, location: 2F
3-2: Base on Balls
Batting: RHB Matt Mooney 0-0: SINGLE (Line Drive, 4D)
Mark Ross to second
Batting: LHB Armando Esparza 0-0: Fielders Choice at 2nd, 3-6 (Groundball, 34)
Mark Ross to third
Batting: RHB Masaharu Suto 0-0: Foul Ball, location: 2F
0-1: Ball
1-1: Ball
2-1: Swinging Strike
2-2: Strikes out swinging
Top of the 5th over - 0 run(s), 1 hit(s), 0 error(s), 2 left on base; San Francisco 13 - Norfolk 0
BOTTOM OF THE 5TH
Norfolk Cruisers batting - Pitching for San Francisco Fog : RHP Masaharu Suto
Batting: RHB Pedro Peña 0-0: Foul Ball, location: 2F
0-1: Foul Ball, location: 2F
0-2: Ball
1-2: Strikes out swinging
Batting: SHB Pancho Ríos 0-0: Called Strike
0-1: Fly out, F8 (Flyball, 8LS)
Batting: RHB Carlos Rodríguez 0-0: Foul Ball, location: 2F
0-1: Ball
1-1: Ground out 5-3 (Groundball, 5S)
Bottom of the 5th over - 0 run(s), 0 hit(s), 0 error(s), 0 left on base; San Francisco 13 - Norfolk 0
TOP OF THE 6TH
San Francisco Fog batting - Pitching for Norfolk Cruisers : LHP Monte Conner
Batting: LHB Manuel Núñez 0-0: Ball
1-0: Ball
2-0: Ball
3-0: Base on Balls
Batting: RHB David Gil 0-0: Called Strike
0-1: Swinging Strike
0-2: SINGLE (Groundball, 6)
Manuel Núñez to second
Batting: RHB Fernando López 0-0: Called Strike
0-1: Foul Ball, location: 2F
0-2: Ball
1-2: Strikes out swinging
Pinch Hitting: RHB Manuel González 0-0: Ball
Wild Pitch!
Manuel Núñez to third
David Gil to second
1-0: Ball
2-0: Ground out 4-3 (Groundball, 4)
Manuel Núñez scores
David Gil to third
Batting: RHB Pablo León 0-0: Foul Ball, location: 2F
0-1: Foul Ball, location: 2F
0-2: Fly out, F8 (Flyball, 8RM)
Top of the 6th over - 1 run(s), 1 hit(s), 0 error(s), 1 left on base; San Francisco 14 - Norfolk 0
BOTTOM OF THE 6TH
Norfolk Cruisers batting - Pitching for San Francisco Fog : RHP Masaharu Suto
Now at 1B: Manuel González
Batting: RHB Carlos Montoya 0-0: Ball
1-0: Ground out 5-3 (Groundball, 56S)
Pinch Hitting: SHB Sancho Rivera 0-0: Ball
1-0: Ball
2-0: Ball
3-0: Called Strike
3-1: Base on Balls
Batting: RHB Richard Weaver 0-0: Called Strike
0-1: Called Strike
0-2: Ground out 5-3 (Groundball, 56S)
Sancho Rivera to second
Batting: SHB Scott Duncan 0-0: Called Strike
0-1: Ball
1-1: SINGLE (Groundball, 13S) (infield hit)
Sancho Rivera to third
Batting: SHB Omar Gutiérrez 0-0: Called Strike
0-1: Ball
1-1: Ball
2-1: Fly out, F7 (Line Drive, 7M)
Bottom of the 6th over - 0 run(s), 1 hit(s), 0 error(s), 2 left on base; San Francisco 14 - Norfolk 0
TOP OF THE 7TH
San Francisco Fog batting - Pitching for Norfolk Cruisers : LHP Monte Conner
Pitching: LHP Adrián Martínez
Batting: RHB Mark Ross 0-0: Ball
1-0: Called Strike
1-1: Called Strike
1-2: Fly out, F8 (Flyball, 8LXD)
Batting: RHB Matt Mooney 0-0: Called Strike
0-1: Fly out, F3 (Line Drive, 3)
Batting: LHB Armando Esparza 0-0: Ball
1-0: Foul Ball, location: 2F
1-1: Ball
2-1: Fly out, F5 (Line Drive, 5S)
Top of the 7th over - 0 run(s), 0 hit(s), 0 error(s), 0 left on base; San Francisco 14 - Norfolk 0
BOTTOM OF THE 7TH
Norfolk Cruisers batting - Pitching for San Francisco Fog : RHP Masaharu Suto
Now at 1B: Alfred Roberts
Batting: RHB Ben Ramey 0-0: Fly out, F5 (Line Drive, 5S)
Batting: RHB Pedro Peña 0-0: Swinging Strike
0-1: Foul Ball, location: 2F
0-2: Foul Ball, location: 2F
0-2: Strikes out swinging
Batting: SHB Pancho Ríos 0-0: Ball
1-0: Ball
2-0: Ball
3-0: Base on Balls
Batting: RHB Carlos Rodríguez 0-0: Called Strike
0-1: Ball
1-1: Foul Ball, location: 2F
1-2: Ball
2-2: Foul Ball, location: 2F
2-2: Strikes out swinging
Bottom of the 7th over - 0 run(s), 0 hit(s), 0 error(s), 1 left on base; San Francisco 14 - Norfolk 0
TOP OF THE 8TH
San Francisco Fog batting - Pitching for Norfolk Cruisers : LHP Adrián Martínez
Batting: RHB Masaharu Suto 0-0: Ball
1-0: Foul Ball, location: 2F
1-1: Foul Ball, location: 2F
1-2: Ball
2-2: Ground out 1-3 (Groundball, 13)
Batting: LHB Manuel Núñez 0-0: Called Strike
0-1: Ball
1-1: Ground out 1-3 (Groundball, 13S)
Batting: RHB David Gil 0-0: Ball
1-0: Fly out, F8 (Flyball, 8LM)
Top of the 8th over - 0 run(s), 0 hit(s), 0 error(s), 0 left on base; San Francisco 14 - Norfolk 0
BOTTOM OF THE 8TH
Norfolk Cruisers batting - Pitching for San Francisco Fog : RHP Masaharu Suto
Batting: RHB Carlos Montoya 0-0: Called Strike
0-1: SINGLE (Line Drive, 8LS)
Batting: LHB Adrián Martínez 0-0: Sac Bunt - play at first, batter OUT! 1-4
Carlos Montoya to second
Batting: RHB Richard Weaver 0-0: SINGLE (Line Drive, 78S)
Carlos Montoya to third
Batting: SHB Scott Duncan 0-0: Ball
1-0: Ball
2-0: Ball
3-0: Called Strike
3-1: Swinging Strike
3-2: Fly out, F9 (Flyball, 89XD)
Runner from 3rd tags up, SCORES, no throw
Pinch Hitting: RHB James Bolden 0-0: Foul Ball, location: 2F
0-1: Called Strike
0-2: Foul Ball, location: 2F
0-2: Ball
1-2: Strikes out swinging
Bottom of the 8th over - 1 run(s), 2 hit(s), 0 error(s), 1 left on base; San Francisco 14 - Norfolk 1
TOP OF THE 9TH
San Francisco Fog batting - Pitching for Norfolk Cruisers : LHP Adrián Martínez
Now in LF: Bill Childers
Batting: RHB Fernando López 0-0: Foul Ball, location: 2F
0-1: Ball
1-1: Ground out 6-3 (Groundball, 6M)
Batting: RHB Alfred Roberts 0-0: Called Strike
0-1: Ground out 6-3 (Groundball, 6)
Batting: RHB Pablo León 0-0: Ground out 5-3 (Groundball, 56)
Top of the 9th over - 0 run(s), 0 hit(s), 0 error(s), 0 left on base; San Francisco 14 - Norfolk 1
BOTTOM OF THE 9TH
Norfolk Cruisers batting - Pitching for San Francisco Fog : RHP Masaharu Suto
Batting: RHB Ben Ramey 0-0: Ball
1-0: Swinging Strike
1-1: Called Strike
1-2: Foul Ball, location: 2F
1-2: Foul Ball, location: 2F
1-2: Foul Ball, location: 2F
1-2: Fly out, F7 (Flyball, 78M)
Batting: RHB Pedro Peña 0-0: Ball
1-0: Called Strike
1-1: Foul Ball, location: 2F
1-2: SINGLE (Groundball, 56D)
Pitching: RHP Júlio Magana
Batting: SHB Pancho Ríos 0-0: Ball
1-0: Ball
2-0: Foul Ball, location: 2F
2-1: Ball
3-1: Grounds into double play, U4-3 (Groundball, 4M)
Bottom of the 9th over - 0 run(s), 1 hit(s), 0 error(s), 1 left on base; San Francisco 14 - Norfolk 1
This league is powered by Out of the Park Baseball, the baseball management simulation game for PC, Mac and Linux
Thursday, April 24th, 2014 - OOTP Baseball 14.6 Build 33